Map: [ESL] Data-C

Players

RagnaroK (SHIN) - Winner!

  • Race: Zerg Zerg
  • Spawn Location: 9:00

HeroMarine

  • Race: Terran Terran
  • Spawn Location: 3:00

Event: DreamHack SC2 Masters 2022 Atlanta (Offline)

VOD

Have the link to the VOD?

Description

Time

  • Played on: Nov. 19, 2022, 11:38 a.m.
  • Length: 11:49

All games in this series

Show
View Real Time Build Order
Export as new Build Order

RagnaroK Zerg - Winner!

Build Orders: Hatch First 

Get SALT Encoding   

  12  0:00  Drone  
  13  0:12  Overlord  
  13  0:16  Drone  
  14  0:31  Drone x2  
  16  0:48  Hatchery  
  15  0:52  Drone  
  15  0:55  Drone  
  17  0:58  Drone  
  18  1:09  Extractor  
  17  1:13  Spawning Pool  
  17  1:17  Drone  
  17  1:20  Drone  
  18  1:29  Drone  
  19  1:39  Drone  
  20  1:50  Drone  
  21  2:00  Queen x2  
  21  2:01  Zergling x4  
  27  2:12  Overlord  
  27  2:13  Drone  
  28  2:23  Hatchery  
  28  2:26  Drone  
  28  2:33  Spore Crawler, Drone  
  28  2:35  Drone x2  
  31  2:43  Queen  
  33  2:47  Overlord  
  33  2:50  Drone  
  34  2:55  Drone  
  34  2:56  Drone  
  36  3:02  Roach Warren  
  36  3:04  Drone  
  36  3:10  Drone x2  
  36  3:11  Drone  
  36  3:12  Drone  
  40  3:17  Drone  
  40  3:18  Drone  
  42  3:26  Overlord  
  42  3:28  Overlord  
  42  3:44  Roach x6  
  42  3:48  Roach x2  
  58  3:51  Roach  
  58  3:52  Roach  
  62  3:57  Roach, Overlord  
  64  4:03  Drone  
  64  4:08  Overlord  
  64  4:09  Drone  
  66  4:13  Overlord  
  66  4:15  Queen  
  66  4:16  Overlord  
  68  4:18  Drone  
  68  4:19  Drone  
  68  4:22  Drone x2  
  72  4:27  Queen  
  72  4:30  Drone  
  75  4:33  Metabolic Boost  
  75  4:35  Drone  
  75  4:36  Drone  
  75  4:37  Drone  
  78  4:40  Drone  
  78  4:42  Zergling x4  
  78  4:43  Drone  
  78  4:45  Drone  
  83  4:48  Drone  
  82  4:53  Drone  
  82  4:58  Drone  
  82  4:59  Drone x2  
  86  5:00  Drone  
  86  5:05  Queen, Drone  
  90  5:09  Drone x4  
  90  5:13  Lair  
  90  5:14  Drone  
  95  5:15  Drone, Extractor  
  95  5:18  Drone  
  95  5:21  Drone  
  96  5:23  Drone  
  96  5:24  Drone x2, Extractor x2  
  96  5:27  Extractor  
  96  5:28  Extractor  
  95  5:29  Drone x2  
  95  5:31  Drone, Evolution Chamber  
  95  5:33  Evolution Chamber  
  96  5:38  Drone x2  
  96  5:40  Overlord x2  
  98  5:44  Overlord  
  98  5:47  Overlord  
  98  5:55  Overlord  
  98  6:00  Zergling x14  
  99  6:09  Zerg Ground Armor Level 1, Drone, Zerg Missile Weapons Level 1  
  99  6:10  Drone, Hatchery  
  95  6:17  Drone  
  91  6:19  Drone  
  91  6:20  Glial Reconstitution, Drone x2  
  91  6:24  Drone  
  91  6:25  Drone  
  96  6:26  Drone x2  
  96  6:27  Drone x2, Roach  
  96  6:28  Roach x2  
  96  6:32  Roach x2  
  110  6:36  Roach  
  110  6:39  Roach  
  113  6:42  Roach  
  113  6:46  Roach  
  115  6:50  Drone  
  115  6:54  Roach x4  
  124  6:55  Zergling x6  
  124  6:57  Queen  
  124  6:59  Zergling x2  
  126  7:06  Zergling x8  
  128  7:08  Ravager x3  
  128  7:09  Ravager  
  128  7:13  Roach x2  
  138  7:15  Roach  
  138  7:19  Overlord x2  
  138  7:23  Queen  
  138  7:25  Overlord  
  138  7:28  Ravager x2  
  142  7:33  Overlord  
  142  7:37  Roach x4  
  142  7:38  Roach x3  
  142  7:41  Zergling x12  
  155  7:45  Roach  
  155  7:48  Ravager  
  162  7:51  Roach x3  
  162  7:53  Zergling x4, Roach  
  162  7:55  Roach  
  165  7:59  Roach x2  
  165  8:00  Overlord  
  165  8:01  Zergling x2  
  165  8:03  Zergling x4  
  172  8:05  Zergling x2  
  172  8:06  Zergling x4  
  172  8:07  Zergling x2  
  176  8:13  Overlord x2  
  176  8:16  Overlord  
  176  8:17  Overlord  
  176  8:20  Drone  
  176  8:21  Drone  
  176  8:23  Baneling Nest, Drone  
  176  8:24  Drone  
  165  8:30  Drone x2  
  165  8:31  Drone  
  151  8:36  Roach x6  
  151  8:39  Roach x2  
  146  8:42  Roach x2  
  146  8:44  Drone  
  146  8:45  Drone  
  146  8:48  Roach x2  
  145  8:49  Drone  
  145  8:51  Drone  
  147  8:56  Zergling x2  
  147  8:57  Zergling x4  
  147  8:59  Zergling x4  
  152  9:04  Zergling x8  
  152  9:08  Zerg Ground Armor Level 2  
  152  9:09  Zerg Melee Weapons Level 1  
  142  9:11  Roach  
  142  9:15  Ravager x2  
  142  9:16  Drone x3  
  145  9:17  Ravager  
  145  9:22  Zergling x12  
  152  9:25  Zergling x6  
  142  9:31  Zergling x6  
  142  9:32  Zergling x8  
  142  9:37  Zergling x2, Roach  
  127  9:39  Roach x2  
  127  9:41  Roach  
  127  9:44  Roach  
  124  9:49  Roach x2  
  124  9:52  Roach x4  
  125  9:55  Centrifugal Hooks  
  125  9:59  Hatchery  
  124  10:00  Ravager  
  124  10:02  Zergling x12  
  124  10:05  Zergling x4  
  124  10:06  Extractor  
  132  10:11  Drone x2  
  132  10:12  Spore Crawler, Drone x2  
  132  10:13  Ravager x3  
  138  10:15  Zergling x4, Spore Crawler  
  138  10:18  Drone  
  138  10:20  Drone  
  138  10:21  Spore Crawler, Drone  
  141  10:22  Spore Crawler  
  141  10:23  Zergling x2, Spore Crawler  
  141  10:24  Ravager  
  141  10:28  Zergling x2  
  142  10:31  Ravager  
  142  10:33  Infestation Pit  
  142  10:34  Zergling x12, Spore Crawler  
  147  10:43  Baneling  
  147  10:44  Drone  
  147  10:45  Drone x7  
  147  10:48  Roach x2  
  155  10:50  Roach  
  155  10:51  Roach  
  155  10:52  Roach x2  
  155  10:54  Baneling x4  
  160  10:59  Baneling  
  160  11:01  Zergling x8  
  163  11:04  Roach x3  
  163  11:07  Roach x2  
  163  11:08  Roach  
  163  11:10  Baneling  
  167  11:13  Zergling x2  
  167  11:14  Zergling x10  
  167  11:18  Roach x3  
  168  11:20  Roach  
  168  11:22  Ravager  
  168  11:24  Roach  
  168  11:26  Zergling x4, Roach x3  
  168  11:28  Baneling  
Show
View Real Time Build Order
Export as new Build Order

HeroMarine Terran 

Build Orders: Reaper Expand 

Get SALT Encoding   

  12  0:00  SCV  
  13  0:12  SCV  
  14  0:17  Supply Depot  
  14  0:24  SCV  
  15  0:38  SCV  
  15  0:40  Barracks  
  16  0:44  Refinery  
  16  0:51  SCV  
  17  1:03  SCV  
  18  1:15  SCV  
  19  1:26  Reaper  
  19  1:27  Orbital Command  
  20  1:40  Command Center  
  20  1:47  Supply Depot  
  20  1:52  SCV  
  21  1:58  Marine  
  22  2:04  SCV  
  23  2:11  Factory  
  23  2:17  SCV  
  23  2:21  Barracks Reactor  
  24  2:29  SCV  
  25  2:41  SCV  
  26  2:44  Command Center  
  26  2:52  Orbital Command  
  26  2:53  SCV  
  27  3:05  SCV  
  28  3:08  Hellion x2  
  32  3:13  Barracks  
  32  3:14  Barracks Tech Lab  
  32  3:17  SCV  
  32  3:19  SCV  
  34  3:29  SCV  
  34  3:31  SCV  
  34  3:32  Hellion x2  
  34  3:33  Stimpack  
  40  3:35  Marine  
  41  3:41  SCV  
  41  3:43  SCV  
  41  3:45  Refinery  
  41  3:47  Refinery  
  43  3:53  SCV, Marine  
  43  3:55  SCV  
  46  3:56  Orbital Command  
  46  4:01  Starport  
  46  4:05  SCV  
  46  4:06  Factory Reactor  
  46  4:07  SCV  
  46  4:08  Marine x2  
  50  4:11  Marine  
  51  4:17  Supply Depot  
  51  4:18  SCV  
  51  4:19  SCV  
  53  4:25  Marine x2  
  53  4:26  SCV  
  53  4:30  SCV  
  58  4:31  SCV  
  58  4:34  Marauder  
  60  4:38  SCV  
  60  4:42  Supply Depot, SCV  
  60  4:43  Marine x2  
  61  4:54  Orbital Command  
  61  4:55  Supply Depot, Marauder  
  61  4:57  Factory Tech Lab  
  61  4:59  Medivac  
  65  5:00  Medivac  
  65  5:01  SCV, Marine x2  
  69  5:10  SCV  
  70  5:16  Marine  
  70  5:17  SCV  
  70  5:19  Marine  
  70  5:20  Marine  
  70  5:22  SCV, Combat Shield  
  70  5:23  SCV  
  72  5:29  SCV, Barracks  
  72  5:34  Marine  
  76  5:35  SCV  
  76  5:38  Marine  
  76  5:39  Marine  
  76  5:41  SCV  
  79  5:44  Refinery  
  79  5:45  Refinery  
  79  5:46  Refinery  
  78  5:52  Supply Depot, Starport Reactor, Marine  
  78  5:54  SCV x2  
  78  5:55  SCV  
  78  5:56  Marine x2  
  84  6:06  SCV  
  85  6:13  SCV, Marine  
  85  6:14  Marine x2  
  85  6:16  Supply Depot x2  
  87  6:18  SCV  
  87  6:24  Engineering Bay  
  87  6:25  Engineering Bay  
  82  6:27  Orbital Command  
  82  6:28  Medivac x2  
  82  6:29  Barracks  
  82  6:30  SCV x2  
  82  6:31  Marine  
  82  6:32  Barracks, Marine x2  
  91  6:43  SCV x2  
  91  6:45  Siege Tank, Marine x2  
  97  6:49  Marine  
  97  6:50  Marine x2  
  97  6:53  Supply Depot x2  
  100  6:55  SCV x2  
  100  6:58  SCV  
  101  7:02  Marine  
  101  7:03  Marine  
  101  7:05  Medivac  
  101  7:06  Medivac, Marine  
  101  7:07  SCV x2, Marine  
  108  7:10  SCV  
  108  7:11  Terran Infantry Weapons Level 1  
  109  7:17  Terran Infantry Armor Level 1  
  109  7:18  Marine  
  109  7:19  SCV x2  
  109  7:20  Supply Depot  
  109  7:22  Supply Depot, SCV  
  114  7:23  Barracks Reactor  
  114  7:24  Barracks Reactor  
  114  7:26  Refinery x2  
  114  7:28  Marine x2  
  114  7:29  Supply Depot x2  
  115  7:31  SCV  
  115  7:33  Marine x2  
  115  7:36  Marine  
  119  7:38  SCV x2  
  119  7:43  SCV  
  116  7:46  Marine x2  
  116  7:48  Siege Tank  
  116  7:51  Marine x2  
  122  7:54  Marine  
  122  7:55  Medivac x2  
  127  8:00  Marine  
  127  8:01  Supply Depot x2, Marine x3  
  127  8:04  Marine x2  
  130  8:09  Marauder, Marine  
  130  8:11  Marine  
  134  8:18  Marine x4  
  138  8:22  Bunker, Marine x2  
  138  8:23  Bunker  
  138  8:24  Siege Tank  
  138  8:25  SCV x2  
  138  8:26  SCV, Marine  
  141  8:29  Marine  
  141  8:31  Marauder  
  117  8:36  Marine x4  
  117  8:37  Medivac  
  117  8:38  SCV x2  
  117  8:39  Marine  
  117  8:40  Marine  
  112  8:44  Marine  
  112  8:45  Orbital Command  
  112  8:47  Marine  
  100  8:52  Marine  
  100  8:54  Marine x4  
  102  8:57  Marine x2  
  102  9:02  Marine  
  103  9:05  Marine  
  103  9:06  SCV x2  
  103  9:09  Marine  
  106  9:12  Marine x4  
  112  9:17  Liberator  
  112  9:19  Liberator  
  112  9:23  Siege Tank  
  120  9:26  Marine x2  
  120  9:28  Supply Depot  
  113  9:32  Marine  
  113  9:33  Marine  
  113  9:34  Marine x2  
  113  9:36  SCV x3  
  113  9:37  Marine  
  113  9:38  Marine  
  105  9:41  Marine  
  105  9:44  Marine  
  98  9:48  SCV, Marine  
  98  9:50  Marine x2  
  98  9:52  Marine  
  99  9:53  Marine  
  99  9:54  Marine  
  99  9:55  Siege Tank, Marine  
  99  9:57  Armory  
  99  9:59  Marine  
  106  10:01  Marine  
  106  10:03  Liberator  
  106  10:04  Liberator  
  106  10:06  Marine  
  114  10:08  Marine x2  
  114  10:09  Marine  
  114  10:11  Marine  
  114  10:12  Marine  
  114  10:13  Marine  
  120  10:16  Marine  
  120  10:19  Marine  
  122  10:23  Concussive Shells  
  122  10:24  Marine  
  122  10:26  Marine x2  
  122  10:27  Marine  
  126  10:29  Siege Tank, Marine  
  126  10:30  Marine  
  126  10:31  Marine  
  126  10:35  Marauder  
  134  10:37  Marine  
  134  10:41  Marine  
  136  10:44  Marine x2  
  136  10:45  Marine  
  136  10:46  Liberator  
  136  10:47  Supply Depot, Liberator, Marine  
  136  10:48  Supply Depot, Marine  
  136  10:49  Marine  
  145  10:55  Marine  
  145  10:56  Marine  
  144  10:59  Marine  
  144  11:02  Marine x2  
  144  11:03  Marine  
  145  11:05  Marine  
  145  11:06  Marine  
  145  11:07  Marine  
  140  11:13  Marine x2  
  140  11:17  Marine  
  129  11:19  Marine x2  
  129  11:21  Marine  
  129  11:23  Marine  
  129  11:24  Marine x2  
  131  11:31  Marine  
Tags
 
Add a new tag
Caveats
  • Supply blocks, unpowered buildings, or Contaminate may cause inaccurate times.
  • Supply counts are checked every 10 seconds.